 Dungeon Crawl Stone Soup version 0.27-a0-594-g2aaa8dbbc2 (webtiles) character file.

Game seed: 2709552857774017243

35 ReteAZ the Chiller (level 3, -3/26 HPs)
             Began as a Demigod Ice Elementalist on Mar 11, 2021.
             Slain by Natasha (8 damage)
             ... on level 2 of the Dungeon.
             The game lasted 00:01:19 (1204 turns).

ReteAZ the Chiller (Demigod Ice Elementalist)       Turns: 1204, Time: 00:01:20

Health: -3/26      AC:  2    Str:  9    XL:     3   Next: 4%
Magic:  1/9        EV: 12    Int: 21    God:
Gold:   45         SH:  0    Dex: 14    Spells: 5/6 levels left

rFire    . . .     SeeInvis .   d - +0 club
rCold    . . .     Faith    .   (no shield)
rNeg     . . .     Spirit   .   a - +0 robe
rPois    .         Reflect  .   (no helmet)
rElec    .         Harm     .   (no cloak)
rCorr    .         Rampage  .   (no gloves)
Will     .....                  (no boots)
Stlth    ++........             (no amulet)
HPRegen  0.08/turn              (no ring)
MPRegen  0.11/turn              (no ring)

@: no status effects
A: high mp 1, forlorn
a: no special abilities


You were on level 2 of the Dungeon.
You visited 1 branch of the dungeon, and saw 2 of its levels.

You collected 45 gold pieces.

Inventory:

Hand Weapons
 d - a +0 club (weapon)
Armour
 a - a +0 robe (worn)
Scrolls
 b - a scroll of amnesia {unknown}
 c - 2 scrolls of identify {unknown}
 e - a scroll of enchant armour {unknown}


   Skills:
 - Level 1.7 Dodging
 - Level 1.7 Stealth
 + Level 2.2 Spellcasting
 * Level 4.3 Ice Magic


You had 5 spell levels left.
You knew the following spells:

 Your Spells              Type           Power      Damage    Failure   Level
a - Freeze                Ice            80%        1d9       2%          1

Your spell library contained the following spells:

 Spells                   Type           Power      Damage    Failure   Level
 Frozen Ramparts          Ice            40%        1d6       7%          3
 Ozocubu's Armour         Ice            20%        N/A       7%          3
 Hailstorm                Conj/Ice       11%        3d5       52%         4
 Summon Ice Beast         Ice/Summ       11%        N/A       52%         4


Dungeon Overview and Level Annotations

Branches:
Dungeon (2/15)

Annotations:
D:2 Natasha


Innate Abilities, Weirdness & Mutations

Your attributes grow dramatically as you level up.
You have an increased reservoir of magic. (+10% MP)
You shall have no god before yourself.


Message History

The bat is moderately wounded.
The bat barely misses you. The bat closely misses you. x2
You closely miss the bat.
The bat is moderately wounded.
The bat hits you but does no damage. x2; The frilled lizard misses you.
You freeze the frilled lizard.
You kill the frilled lizard!
You freeze the bat.
You kill the bat!
Natasha, Servant of Life and Death comes into view.
Natasha is nearby!
Natasha is nearby!
Natasha hisses angrily.
There is an open door here.
Items here: $ ) ††.
You hit Natasha but do no damage.
Natasha mumbles some strange words.
You feel disoriented. Natasha claws you.
A giant cockroach comes into view.
You are too injured to fight recklessly!
You are too injured to fight recklessly!
Casting: Freeze (safe; 2% risk of failure)
Confirm with . or Enter, or press ? or * to list all spells.
Aiming: Freeze (safe; 2% risk of failure)
Press: ? - help, Shift-Dir - straight line, f - Natasha
Aim: Natasha You freeze Natasha.
Natasha is moderately wounded.
Natasha claws you!
* * * LOW HITPOINT WARNING * * *
Casting: Freeze (safe; 2% risk of failure)
Confirm with . or Enter, or press ? or * to list all spells.
Aiming: Freeze (safe; 2% risk of failure)
Press: ? - help, Shift-Dir - straight line, f/p - Natasha
Aim: Natasha (moderately wounded)
You freeze Natasha.
Natasha is heavily wounded.
Natasha claws you!
You die...

....# ......#
.....# .....#
.....####
#......$#
#####h....#
#...@B....#+#
#.###.!!.....
#.#..........
#.#..).......
#.#......!###
#.#.......#
#.#.......#
#.#.......#
#.#.......#


You could see Natasha and a giant cockroach.

Vanquished Creatures
  An ooze (D:1)
  A dart slug (D:1)
  A leopard gecko (D:1)
  2 bats
  3 giant cockroaches (D:1)
  2 goblins (D:2)
  2 hobgoblins (D:1)
  4 jackals (D:1)
  6 kobolds
  2 frilled lizards
  A rat (D:1)
25 creatures vanquished.

Notes
Turn   | Place    | Note
-------+----------+-------------------------------------------
     0 | D:1      | ReteAZ the Demigod Ice Elementalist began the quest for the
                  | Orb.
     0 | D:1      | Reached XP level 1. HP: 14/14 MP: 5/5
   490 | D:1      | Reached skill level 4 in Ice Magic
   490 | D:1      | Reached XP level 2. HP: 20/20 MP: 1/7
  1190 | D:2      | Reached XP level 3. HP: 16/26 MP: 3/9
  1200 | D:2      | Noticed Natasha
  1204 | D:2      | Slain by Natasha

Illustrated notes

Levels and vault maps discovered:
D:1:      heliophobic_arrival_battle_scene, layout_basic
D:2:      layout_basic, grunt_temple_overflow_gold_and_silver, uniq_natasha,
          uniq_jessica

Skill      XL: |  1 |
---------------+----+-----
Spellcasting   | 2 |  2.2
Ice Magic      | 4 |  4.3
Dodging        | |  1.7
Stealth        | |  1.7

Action                   || total
-------------------------++-------
Melee: Unarmed           ||    20
       Club              ||    16
 Cast: Freeze            ||    38
Armor: Robe              ||    20
Dodge: Dodged            ||    63

Table legend: (Time is in decaauts)
 A = Elapsed time spent in this place.
 B = Non-inter-level travel time spent in this place.
 C = Inter-level travel time spent in this place.
 D = Time resting spent in this place.
 E = Time spent auto-exploring this place.
 F = Levels seen in this place.
 G = Mean time per level.
                   A        B        C        D        E       F      G
               +--------+--------+--------+--------+--------+-----+--------+
         Total |   1208 |   1206 |      2 |      0 |   1033 |   2 |  604.0 |
       Dungeon |   1208 |   1206 |      2 |      0 |   1033 |   2 |  604.0 |
               +--------+--------+--------+--------+--------+-----+--------+

Top non-repeatable levels by time:
     D:1: 1134 daAuts
     D:2: 73 daAuts
